Map: Data-C

Players

Creator

  • Race: Protoss Protoss
  • League: Master
  • Spawn Location: 3:00

Maru - Winner!

  • Race: Terran Terran
  • League: Master
  • Spawn Location: 9:00

VOD

Have the link to the VOD?

Description

Time

  • Played on: Oct. 20, 2022, 8:46 a.m.
  • Length: 9:52
Show
View Real Time Build Order
Export as new Build Order

Creator Protoss 

Build Orders: 1 Gate Expand, Phoenix Opening, Colossus Rush 

Get SALT Encoding   

  12  0:00  Probe  
  13  0:12  Probe  
  14  0:17  Pylon  
  14  0:24  Probe (Chrono Boost)  
  15  0:36  Probe (Chrono Boost)  
  15  0:37  Gateway  
  16  0:44  Probe (Chrono Boost)  
  16  0:45  Assimilator  
  17  0:51  Probe  
  18  1:03  Probe  
  19  1:15  Probe  
  20  1:25  Cybernetics Core  
  20  1:31  Nexus  
  20  1:38  Pylon  
  20  1:41  Probe  
  20  1:46  Assimilator  
  21  1:53  Probe  
  22  1:58  Adept (Chrono Boost)  
  22  2:05  Probe  
  25  2:14  Stargate  
  25  2:17  Probe  
  25  2:19  Adept (Chrono Boost)  
  28  2:28  Warp Gate  
  28  2:29  Probe  
  29  2:43  Adept, Probe (Chrono Boost)  
  33  2:45  Probe (Chrono Boost)  
  33  2:54  Probe (Chrono Boost)  
  33  2:57  Probe (Chrono Boost)  
  35  2:59  Probe (Chrono Boost)  
  35  3:01  Phoenix  
  38  3:06  Probe  
  38  3:10  Probe  
  40  3:18  Probe  
  43  3:22  Probe  
  43  3:25  Phoenix (Chrono Boost)  
  46  3:27  Pylon  
  46  3:30  Pylon  
  46  3:32  Probe  
  45  3:38  Probe  
  46  3:44  Phoenix  
  46  3:45  Gateway, Probe  
  49  3:51  Robotics Facility  
  49  3:55  Probe  
  50  3:58  Probe  
  50  4:00  Assimilator x2  
  51  4:07  Probe  
  51  4:09  Phoenix (Chrono Boost)  
  52  4:10  Probe  
  55  4:19  Probe  
  56  4:27  Pylon  
  56  4:31  Probe  
  56  4:32  Probe  
  56  4:33  Pylon  
  56  4:37  Robotics Bay  
  58  4:39  Immortal  
  62  4:47  Stalker  
  62  4:48  Zealot  
  62  4:51  Shield Battery  
  62  4:52  Phoenix (Chrono Boost)  
  66  4:57  Shield Battery  
  66  5:08  Phoenix, Probe x2  
  66  5:11  Zealot  
  66  5:12  Zealot  
  72  5:31  Probe  
  72  5:34  Nexus  
  72  5:37  Phoenix  
  72  5:41  Stalker  
  66  5:43  Probe  
  66  5:50  Probe  
  66  5:53  Colossus (Chrono Boost)  
  66  5:55  Probe  
  69  6:05  Pylon  
  69  6:07  Probe x2 (Chrono Boost)  
  69  6:08  Sentry  
  73  6:19  Probe x2 (Chrono Boost)  
  73  6:21  Pylon x2  
  75  6:28  Probe x2 (Chrono Boost)  
  77  6:33  Probe  
  77  6:34  Probe  
  77  6:35  Forge  
  77  6:36  Forge  
  79  6:41  Twilight Council  
  79  6:42  Sentry  
  79  6:45  Probe (Chrono Boost)  
  79  6:46  Shield Battery  
  82  6:49  Probe (Chrono Boost)  
  82  6:52  Probe (Chrono Boost)  
  84  7:02  Probe x2 (Chrono Boost)  
  84  7:04  Probe (Chrono Boost)  
  87  7:09  Probe  
  87  7:10  Protoss Ground Weapons Level 1, Protoss Ground Armor Level 1  
  87  7:12  Observer, Probe  
  87  7:14  Nexus, Probe  
  91  7:19  Charge  
  91  7:20  Zealot  
  91  7:21  Zealot  
  91  7:22  Probe  
  96  7:24  Pylon  
  96  7:27  Gateway  
  96  7:35  Colossus (Chrono Boost)  
  98  7:40  Probe  
  98  7:41  Probe x2  
  98  7:42  Extended Thermal Lance  
  101  7:46  Gateway  
  101  7:50  Gateway  
  101  7:51  Phoenix  
  103  7:55  Gateway  
  103  7:58  Probe x3  
  106  8:01  Gateway  
  106  8:11  Zealot x2  
  110  8:15  Phoenix (Chrono Boost), Gateway  
  110  8:19  Colossus (Chrono Boost)  
  112  8:26  Zealot  
  120  8:40  Zealot x3  
  120  8:41  Phoenix  
  115  8:44  Probe x3  
  115  8:45  Probe  
  115  8:46  Zealot x2  
  111  9:01  Zealot x5, Colossus (Chrono Boost)  
  103  9:06  Phoenix  
  103  9:09  Stalker x3  
  107  9:13  Probe x3  
  96  9:23  Zealot x2  
  100  9:25  Zealot  
  100  9:26  Zealot  
  100  9:28  Nexus  
  100  9:31  Pylon  
  104  9:32  Zealot  
  104  9:33  Shield Battery  
  104  9:37  Zealot  
  103  9:41  Zealot, Stalker  
Show
View Real Time Build Order
Export as new Build Order

Maru Terran - Winner!

Build Orders:  

Get SALT Encoding   

  12  0:00  SCV  
  13  0:12  SCV  
  14  0:17  Supply Depot  
  14  0:24  SCV  
  15  0:38  SCV  
  15  0:39  Barracks  
  16  0:42  Refinery  
  16  0:50  SCV  
  16  0:53  Refinery  
  17  1:02  SCV  
  18  1:14  SCV  
  19  1:26  Reaper  
  19  1:27  Orbital Command  
  19  1:29  Supply Depot  
  20  1:40  Factory  
  20  1:52  SCV  
  21  1:58  Barracks Reactor  
  21  2:04  SCV  
  22  2:16  SCV  
  22  2:19  Command Center  
  23  2:29  SCV  
  24  2:32  Starport  
  24  2:34  Widow Mine  
  26  2:41  SCV  
  26  2:43  Supply Depot  
  27  2:47  Marine  
  28  2:53  SCV  
  28  2:56  Widow Mine  
  31  3:04  Marine  
  31  3:05  Marine  
  33  3:06  SCV  
  33  3:09  Medivac  
  36  3:17  Factory Tech Lab  
  36  3:18  SCV  
  37  3:22  Marine  
  37  3:23  Marine  
  39  3:30  SCV  
  39  3:32  Orbital Command  
  39  3:36  Cyclone  
  39  3:40  Marine  
  39  3:41  Marine  
  44  3:47  Viking  
  46  3:50  Supply Depot  
  46  3:55  SCV  
  47  4:00  SCV, Marine x2  
  50  4:07  SCV  
  51  4:11  Cyclone  
  55  4:18  Marine x2  
  55  4:19  SCV  
  55  4:20  Liberator  
  55  4:23  Supply Depot  
  60  4:29  SCV  
  62  4:31  Supply Depot, SCV  
  62  4:44  Marine x2  
  64  4:46  Siege Tank  
  64  4:50  SCV x2  
  69  5:00  Command Center  
  69  5:02  SCV  
  69  5:03  Starport Tech Lab  
  69  5:04  Barracks  
  69  5:05  SCV  
  71  5:11  Refinery  
  72  5:14  SCV  
  72  5:17  SCV  
  72  5:18  Siege Tank  
  76  5:23  Marine  
  76  5:26  SCV  
  71  5:30  SCV  
  69  5:38  SCV  
  69  5:42  SCV, Marine x2  
  67  5:49  Barracks x2  
  65  5:50  SCV  
  65  5:53  Raven  
  65  5:54  SCV  
  67  6:02  SCV  
  62  6:05  Engineering Bay x2, Siege Tank  
  62  6:06  SCV  
  62  6:10  Barracks, Barracks Tech Lab  
  66  6:14  SCV, Orbital Command  
  66  6:17  Refinery, Marine  
  66  6:18  SCV  
  69  6:20  Marine  
  70  6:26  SCV  
  70  6:29  Stimpack, Marine  
  70  6:30  SCV  
  73  6:35  Supply Depot  
  73  6:38  SCV  
  73  6:39  Missile Turret  
  73  6:42  SCV  
  73  6:44  Terran Infantry Weapons Level 1, Marine x2  
  73  6:45  Marine x2  
  73  6:46  Starport Reactor, Marine  
  79  6:47  Missile Turret  
  79  6:51  Terran Infantry Armor Level 1  
  79  6:53  SCV  
  80  7:00  Orbital Command  
  76  7:02  Marine x2  
  76  7:04  Barracks Reactor, Barracks Tech Lab  
  76  7:05  SCV x2  
  80  7:08  Marine x2  
  80  7:11  Supply Depot  
  80  7:12  Siege Tank  
  80  7:14  Supply Depot  
  85  7:17  SCV  
  85  7:18  SCV  
  85  7:20  Marine x2  
  89  7:25  SCV, Missile Turret  
  89  7:26  Marine  
  89  7:28  Marauder x2  
  89  7:29  SCV, Combat Shield  
  96  7:34  Medivac  
  98  7:38  Marine x2  
  98  7:40  SCV x2  
  98  7:41  SCV  
  98  7:44  Marine  
  103  7:45  Medivac  
  103  7:47  Supply Depot  
  103  7:48  Supply Depot, Marine  
  107  7:51  Marine x2  
  107  7:52  SCV x2  
  107  7:56  Supply Depot, Marine x2  
  107  7:57  Siege Tank  
  107  7:58  SCV  
  117  8:03  Refinery  
  117  8:05  Refinery  
  117  8:08  Supply Depot  
  117  8:09  SCV, Marauder x2  
  117  8:11  Viking  
  124  8:13  SCV x2  
  124  8:17  Supply Depot  
  126  8:20  Marine x3  
  126  8:21  SCV, Marauder, Marine  
  126  8:26  Armory  
  133  8:28  SCV  
  133  8:29  SCV  
  133  8:30  Marauder  
  128  8:42  Marauder, Marine x2  
  128  8:43  Viking x2, Marauder  
  128  8:45  SCV x2  
  140  8:52  SCV, Marauder  
  135  9:00  Command Center, Marine  
  131  9:03  Siege Tank, Marauder  
  131  9:04  Marauder  
  134  9:12  Marine  
  134  9:13  Medivac x2, Marauder  
  134  9:16  Marine x2  
  139  9:25  SCV x2, Marauder  
  139  9:26  Marauder  
  139  9:27  Supply Depot  
  145  9:31  Marine  
  145  9:33  SCV  
Tags
 
Add a new tag
Caveats
  • Supply blocks, unpowered buildings, or Contaminate may cause inaccurate times.
  • Supply counts are checked every 10 seconds.